 Dungeon Crawl Stone Soup version 0.31-a0-18-gea43df2a32 (webtiles) character file.

Game seed: 1522483574583177251

181 IdlyInterested the Conjurer (level 5, 0/36 (42) HPs)
             Began as a Demonspawn Wanderer on May 10, 2023.
             Slain by a wight
             ... wielding a +3 hand axe
              (3 damage)
             ... on level 4 of the Dungeon.
             The game lasted 00:13:39 (3271 turns).

IdlyInterested the Conjurer (Demonspawn Wanderer)   Turns: 3271, Time: 00:13:40

HP:   0/36 (42)     AC: 11    Str: 15    XL:     5   Next: 34%
MP:   9/9           EV: 14    Int: 15    God:
Gold: 82            SH:  0    Dex: 10    Spells: 10/10 levels left

rFire   . . .        a - +1 spear
rCold   + . .        (no shield)
rNeg    . . .        g - +0 scale mail
rPois   .            (no helmet)
rElec   .            o - +0 cloak
rCorr   .            (no gloves)
SInv    .            i - +0 pair of boots
Will    .....        (no amulet) Stlth
                     l - +5 ring of evasion
HPRegen 0.26/turn    y - ring of protection from cold
MPRegen 0.11/turn

%: no passive effects
@: heavily drained
A: icy blue scales 2, ignite blood 1
a: no special abilities


You were on level 4 of the Dungeon.
You visited 1 branch of the dungeon, and saw 4 of its levels.

You collected 179 gold pieces.
You spent 97 gold pieces at shops.

Inventory:

Hand Weapons
 a - a +1 spear (weapon)
 q - a +0 rapier
Missiles
 v - 2 throwing nets
 A - a poisoned dart
 E - 3 stones (quivered)
Armour
 c - a +0 leather armour
 g - a +0 scale mail (worn)
 i - a +0 pair of boots (worn)
 o - a +0 cloak (worn)
 p - a +0 cloak
 r - a +0 robe
 t - a +0 robe
 z - a +0 robe
 D - a +0 robe
Magical Staves
 F - the staff of death "Micvujawn" {rN+ Will+ rCorr Str+4}
   (You found it on level 4 of the Dungeon)

   [staff of death]

   Base accuracy: +5 Base damage: 5 Base attack delay: 1.2 This weapon's minimum
   attack delay (0.6) is reached at skill level 12.
   Str:       It affects your strength (+4).
   rN:        It protects you from negative energy.
   rCorr:     It protects you from acid and corrosion.
   Will:      It increases your willpower.
   It falls into the 'Staves' category.
   It is a one-handed weapon.
Jewellery
 l - a +5 ring of evasion (left hand)
 y - a ring of protection from cold (right hand)
 B - a ring of positive energy
Wands
 x - a wand of roots (7)
Scrolls
 d - a scroll of brand weapon {unknown}
 e - 5 scrolls of identify {unknown}
 f - 3 scrolls of magic mapping {unknown}
 j - a scroll of poison {unknown}
 k - a scroll of fog {unknown}
 m - a scroll of blinking {unknown}
 s - a scroll of immolation {unknown}
 u - a scroll of enchant armour
 w - a scroll of fear {unknown}
Potions
 b - 2 potions of curing
 h - 3 potions of heal wounds {unknown}
 n - 4 potions of flight {unknown}
 C - a potion of might {unknown}
 G - a potion of resistance {unknown}


   Skills:
 - Level 4.0 Fighting
 - Level 1.0 Polearms
 + Level 0.0(0.4) Staves
 - Level 1.0 Throwing
 - Level 1.0 Armour
 - Level 1.0 Dodging
 - Level 1.0 Stealth
 * Level 3.3 Spellcasting
 - Level 4.0 Conjurations
 + Level 1.1 Evocations


You had 10 spell levels left.
You didn't know any spells.
Your spell library contained the following spells:

 Spells                   Type           Power      Damage    Failure   Level
 Magic Dart               Conj           56%        1d5       16%         1
 Kiss of Death            Conj/Necr      32%        2d7       34%         1
 Static Discharge         Conj/Air       16%        2-3/arc   47%         2
 Dazzling Flash           Conj/Hex       16%        N/A       71%         3
 Airstrike                Air            1%         2d(1-17)  100%        4
 Summon Lightning Spire   Summ/Air       2%         N/A       100%        4
 Simulacrum               Ice/Necr       1%         N/A       100%        6
 Ozocubu's Refrigeration  Ice            1%         4d7       100%        7
 Polar Vortex             Ice            1%         N/A       100%        9


Dungeon Overview and Level Annotations

Branches:
Dungeon (4/15)
 Temple: D:4-7

Altars:

Shops:
D:1 ?


Innate Abilities, Weirdness & Mutations

You are mostly covered in icy blue scales. (AC +3)
Your demonic aura sometimes causes spilled blood to erupt in flames.


Message History

You hit the wight but do no damage.
The wight is lightly damaged.
The wight hits you with a +3 hand axe.
You hit the wight but do no damage.
The wight is lightly damaged.
The wight barely misses you.
You hit the wight.
The wight is lightly damaged.
The wight barely misses you.
You hit the wight but do no damage.
The wight is lightly damaged.
The wight barely misses you.
You hit the wight but do no damage.
The wight is lightly damaged.
The wight barely misses you.
You hit the wight.
The wight is moderately damaged.
The wight hits you with a +3 hand axe.
You puncture the wight!
The wight is severely damaged.
The wight hits you with a +3 hand axe.
You feel drained.
You closely miss the wight.
The wight is severely damaged.
The wight completely misses you.
You hit the wight but do no damage.
The wight is severely damaged.
The wight barely misses you. The wight hits you with a +3 hand axe.
You barely miss the wight.
The wight is severely damaged.
The wight barely misses you.
You hit the wight.
The wight is almost destroyed.
The wight hits you with a +3 hand axe!
You feel drained.
* * * LOW HITPOINT WARNING * * *
You hit the wight but do no damage.
The wight is almost destroyed.
The wight hits you with a +3 hand axe!
* * * LOW HITPOINT WARNING * * *
You feel drained.
You die...

#...# ####.####.#
...#......# ##.....####
....†......
.#.....#######
#.....#.....#
#.....#.###.###########
#.#####.# #.##.@z......
#.......# #.##.#######.
######### #....# ######


You could see a wight.

Vanquished Creatures
  2 orc wizards (D:3)
  3 adders
  A gnoll (D:1)
  A worm (D:2)
  2 dart slugs (D:3)
  7 orcs
  5 ball pythons
  7 bats
  10 endoplasms
  4 giant cockroaches
  3 goblins
  7 hobgoblins
  4 jackals (D:1)
  2 quokkas
  3 frilled lizards
  7 kobolds
  3 rats
71 creatures vanquished.

Notes
Turn   | Place    | Note
-------+----------+-------------------------------------------
     0 | D:1      | IdlyInterested the Demonspawn Wanderer began the quest for
                  | the Orb.
     0 | D:1      | IdlyInterested set off with the following items: a +1
                  | spear, a potion of curing, a +0 leather armour; and the
                  | following spells available to memorise: Magic Dart, Kiss of
                  | Death, Dazzling Flash.
     0 | D:1      | Reached XP level 1. HP: 18/18 MP: 2/2
   153 | D:1      | Gained mutation: Your demonic aura sometimes causes spilled
                  | blood to erupt in flames. [demonic ancestry]
   153 | D:1      | Reached XP level 2. HP: 20/24 MP: 2/4
   306 | D:1      | Reached skill level 1 in Dodging
   521 | D:1      | Found Wima Ciroa's Magic Scroll Emporium.
   673 | D:1      | Gained mutation: You are partially covered in icy blue
                  | scales. (AC +2) [demonic ancestry]
   673 | D:1      | Reached XP level 3. HP: 28/29 MP: 6/6
  1326 | D:2      | Reached skill level 1 in Stealth
  1709 | D:2      | Gained mutation: You are mostly covered in icy blue scales.
                  | (AC +3) [demonic ancestry]
  1709 | D:2      | Reached XP level 4. HP: 35/35 MP: 8/8
  1840 | D:1      | Bought a scroll of enchant armour for 97 gold pieces
  2496 | D:3      | Reached skill level 1 in Throwing
  2639 | D:3      | Reached XP level 5. HP: 40/42 MP: 9/9
  2665 | D:3      | Reached skill level 1 in Evocations
  3201 | D:4      | Identified the staff of death "Micvujawn" {rN+ Will+ rCorr
                  | Str+4}
  3271 | D:4      | Slain by a wight

Illustrated notes

Levels and vault maps discovered:
D:1:      dpeg_arrival_three_bigger_balls, layout_basic, serial_shops, shop
D:2:      layout_loops_corners, item_on_display_a
D:3:      layout_loops_ring
D:4:      layout_basic, trog_ov_bears_minmay

Skill      XL: |  1  2  3  4  5 |
---------------+----------------+-----
Dodging        | 1 |  1.0
Spellcasting   | 2 3 |  3.3
Stealth        | 1 |  1.0
Throwing       | 1 |  1.0
Fighting       | 4 |  4.0
Evocations     | 1 |  1.1
Polearms       | |  1.0
Armour         | |  1.0
Conjurations   | |  4.0

Action                     |  1- 3 |  4- 6 || total
---------------------------+-------+-------++-------
  Melee: Spear             |   160 |   165 ||   325
  Throw: Stone             |    14 |    15 ||    29
         Dart              |       |     4 ||     4
 Armour: Leather armour    |     9 |       ||     9
         Scale mail        |    43 |    60 ||   103
  Dodge: Dodged            |    75 |    91 ||   166

Table legend: (Time is in decaauts)
 A = Elapsed time spent in this place.
 B = Non-inter-level travel time spent in this place.
 C = Inter-level travel time spent in this place.
 D = Time resting spent in this place.
 E = Time spent auto-exploring this place.
 F = Levels seen in this place.
 G = Mean time per level.
                   A        B        C        D        E       F      G
               +--------+--------+--------+--------+--------+-----+--------+
         Total |   3292 |   2909 |    383 |    173 |   1864 |   4 |  823.0 |
       Dungeon |   3292 |   2909 |    383 |    173 |   1864 |   4 |  823.0 |
               +--------+--------+--------+--------+--------+-----+--------+

Top non-repeatable levels by time:
     D:2: 1181 daAuts
     D:1: 1120 daAuts
     D:3: 896 daAuts
     D:4: 93 daAuts
